 Dungeon Crawl Stone Soup version 0.30-a0-123-g91d0c66ccf (webtiles) character file.

Game seed: 5014992561874341596

45 SigmundSlayer the Trooper (level 3, -2/30 HPs)
             Began as a Demonspawn Berserker on Sept 17, 2022.
             Was a Believer of Trog.
             Slain by a hobgoblin
             ... wielding a +0 long sword
             ... led by Robin
              (7 damage)
             ... on level 2 of the Dungeon.
             The game lasted 00:00:56 (1325 turns).

SigmundSlayer the Trooper (Demonspawn Berserker)    Turns: 1325, Time: 00:00:56

Health: -2/30      AC:  3    Str: 19    XL:     3   Next: 42%
Magic:  3/3        EV: 11    Int:  8    God:    Trog [**....]
Gold:   62         SH:  0    Dex: 12    Spells: 2/2 levels left

rFire   . . .      SeeInvis .    a - +0 hand axe
rCold   . . .      Faith    .    (no shield)
rNeg    . . .      Spirit   .    e - +0 leather armour
rPois   .          Reflect  .    (helmet restricted)
rElec   .          Harm     .    (no cloak)
rCorr   .          Rampage  .    (no gloves)
Will    .....                    (no boots)
Stlth   +.........               (no amulet)
HPRegen 0.10/turn                (no ring)
MPRegen 0.08/turn                (no ring)

@: on berserk cooldown, slowed, very slow
A: horns 1
a: Renounce Religion, Berserk, Trog's Hand


You were on level 2 of the Dungeon.
You worshipped Trog.
Trog was pleased with you.
You visited 1 branch of the dungeon, and saw 2 of its levels.

You collected 62 gold pieces.

Inventory:

Hand Weapons
 a - a +0 hand axe (weapon)
Armour
 e - a +0 leather armour (worn)
Scrolls
 b - a scroll of teleportation {unknown}
 d - 5 scrolls of identify {unknown}
Potions
 c - 2 potions of curing {unknown}


   Skills:
 + Level 3.8 Fighting
 + Level 3.4 Axes
 - Level 1.7 Armour
 - Level 1.7 Dodging


You had 2 spell levels left.
You didn't know any spells.
Your spell library was empty.

Dungeon Overview and Level Annotations

Branches:
Dungeon (2/15)

Altars:

Shops:
D:1 ![!

Annotations:
D:2 Robin


Innate Abilities, Weirdness & Mutations

You have a pair of small horns on your head.


Message History

You slash the goblin!
You kill the goblin!
Trog accepts your kill.
You slash the goblin!
You kill the goblin!
Trog accepts your kill.
You can now call upon Trog for regeneration and willpower.
Robin and a kobold come into view.
Robin shouts!
Items here: ! )) ††.
You slash the hobgoblin!
You kill the hobgoblin!
Trog accepts your kill. Robin throws the goblin at you!
You slash the goblin!
You kill the goblin!
Trog accepts your kill.
You are no longer berserk.
You are exhausted.
You feel yourself slow down.
You closely miss the hobgoblin. The hobgoblin barely misses you.
You barely miss the hobgoblin.
You feel the effects of Trog's Hand fading.
Robin roars a battlecry!
The goblins go into a battle-frenzy!
The hobgoblin closely misses you. The goblin hits you with a +0 dagger.
You hit the goblin.
The goblin is severely wounded.
You hit the hobgoblin. The hobgoblin barely misses you.
The goblin hits you with a +0 dagger. The hobgoblin barely misses you.
The goblin hits you with a +0 dagger.
Items here: )) ††††††.
You hit the hobgoblin.
The hobgoblin is severely wounded.
Your skin stops crawling.
You feel less strong-willed.
The hobgoblin hits you with a +0 long sword!
* * * LOW HITPOINT WARNING * * *
The hobgoblin closely misses you.
The hobgoblin hits you with a +0 long sword!
You die...

.###.......##.#
##
#..>....##.####
#.†.......[...#
#.......##.##.#
#.......##.##.#
#..........##.#
#...##.######.#
#.####.# #.# #.
#... #@# #....
#g# #.....##K#
......Jgg#
.......###
...#.#. .>....g
...#.#. ......g


You could see Robin, a hobgoblin (strong), a goblin (strong) and a kobold.

Vanquished Creatures
  3 dart slugs (D:1)
  2 endoplasms (D:1)
  2 giant cockroaches (D:1)
  7 goblins
  6 hobgoblins
  A kobold (D:1)
  3 quokkas
  2 ball pythons (D:2)
  2 bats
  A frilled lizard (D:2)
  5 rats
34 creatures vanquished.

Notes
Turn   | Place    | Note
-------+----------+-------------------------------------------
     0 | D:1      | SigmundSlayer the Demonspawn Berserker began the quest for
                  | the Orb.
     0 | D:1      | Reached XP level 1. HP: 18/18 MP: 1/1
   324 | D:1      | Gained mutation: You have a pair of small horns on your
                  | head. [demonic ancestry]
   324 | D:1      | Reached XP level 2. HP: 18/24 MP: 2/2
   442 | D:1      | Found Oquji's Antique Armour Boutique.
   738 | D:1      | Found Rokon's Distillery.
   962 | D:1      | Found Zouvoav's Distillery.
  1284 | D:2      | Reached XP level 3. HP: 25/29 MP: 3/3
  1297 | D:2      | Reached ** piety under Trog
  1317 | D:2      | Noticed Robin
  1325 | D:2      | Slain by a hobgoblin

Illustrated notes

Levels and vault maps discovered:
D:1:      dpeg_arrival_signposts, layout_basic, serial_shops,
          nicolae_shop_behind_doors, nicolae_shop_behind_doors,
          nicolae_shop_behind_doors, minmay_tromino_v4_c
D:2:      layout_loops_ring, serial_glass, glass_columns_a, glass_columns_b,
          minmay_diced_spiral, uniq_sigmund, uniq_robin

Skill      XL: |  1 |
---------------+----+-----
Axes           | 3 |  3.4
Fighting       | |  3.8
Armour         | |  1.7
Dodging        | |  1.7

Action                   || total
-------------------------++-------
Melee: Hand axe          ||    81
       Headbutt          ||     8
Invok: Berserk           ||     1
       Trog's Hand       ||     1
 Stab: Sleeping          ||     2
Armor: Leather armour    ||     6
       Animal skin       ||     1
Dodge: Dodged            ||    41

Table legend: (Time is in decaauts)
 A = Elapsed time spent in this place.
 B = Non-inter-level travel time spent in this place.
 C = Inter-level travel time spent in this place.
 D = Time resting spent in this place.
 E = Time spent auto-exploring this place.
 F = Levels seen in this place.
 G = Mean time per level.
                   A        B        C        D        E       F      G
               +--------+--------+--------+--------+--------+-----+--------+
         Total |   1335 |   1315 |     20 |      0 |   1127 |   2 |  667.5 |
       Dungeon |   1335 |   1315 |     20 |      0 |   1127 |   2 |  667.5 |
               +--------+--------+--------+--------+--------+-----+--------+

Top non-repeatable levels by time:
     D:1: 1232 daAuts
     D:2: 103 daAuts
